[Event "Netanya Open 2019"]
[Site "Netanya"]
[Date "2019.06.30"]
[Round "7.34"]
[White "Mizrahi, Ido"]
[Black "Prraneeth Vuppala"]
[Result "0-1"]
[WhiteElo "2101"]
[BlackElo "2297"]
[PlyCount "192"]
[EventDate "2019.06.23"]
[EventType "swiss"]
[EventRounds "9"]
[EventCountry "ISR"]
[TimeControl "40/5400+30:1800+30"]

1. Nf3 d5 2. g3 c6 3. Bg2 Bg4 4. c4 e6 5. cxd5 exd5 6. O-O Nd7 7. d3 Ngf6 8. Nc3 Bd6 9. Qc2 O-O 10. e4 h6 11. h3 Bxf3 12. Bxf3 Rc8 13. Bg2 Nc5 14. f4 Ne6 15. Kh2 Bc5 16. Na4 Bd4 17. Bd2 b5 18. Nc3 Bb6 19. Ne2 c5 20. e5 Nd7 21. Rae1 c4 22. dxc4 Rxc4 23. Qb1 Nd4 24. Nxd4 Bxd4 25. Bxd5 Rc8 26. e6 Nf6 27. e7 Qxd5 28. exf8=Q+ Rxf8 29. Qc2 Qh5 30. Qd1 Qc5 31. Qb3 Rd8 32. Bb4 Qc6 33. Be7 Rd5 34. Re2 Qd7 35. Bxf6 Bxf6 36. Rfe1 Rh5 37. Re8+ Kh7 38. Qc2+ g6 39. Qg2 Rd5 40. R8e2 a5 41. Rc1 Kg7 42. Rc7 Qf5 43. Rd2 Bd4 44. Rc1 h5 45. Rcd1 Qd7 46. Qe2 Qd6 47. Rd3 h4 48. Qd2 hxg3+ 49. Kg2 Qc6 50. Kxg3 Rc5 51. Qe2 Bf6 52. Rd6 Qc7 53. h4 Rh5 54. R1d2 Bxh4+ 55. Kg2 Bf6 56. Qf3 Qc1 57. Qd1 Qc8 58. Qf3 Qh8 59. Kg1 Rh3 60. Qe4 Qh4 61. R6d3 Rxd3 62. Rxd3 Bxb2 63. Rb3 Bf6 64. Rxb5 Qg3+ 65. Kf1 Qc3 66. a4 Bd4 67. Rd5 Qc1+ 68. Ke2 Qc4+ 69. Kd1 Qxa4+ 70. Ke2 Qc4+ 71. Kd1 Qb3+ 72. Ke2 Qa2+ 73. Kd1 Bf6 74. Rd2 Qb3+ 75. Ke2 a4 76. Rd3 Qb2+ 77. Rd2 Qb5+ 78. Qd3 Qh5+ 79. Kf2 Qh2+ 80. Kf3 Qh3+ 81. Ke4 Qf5+ 82. Ke3 Qc5+ 83. Kf3 a3 84. Ra2 Qh5+ 85. Ke4 Qf5+ 86. Ke3 Qxd3+ 87. Kxd3 Bb2 88. Ke3 Kf6 89. Ke4 g5 90. fxg5+ Kxg5 91. Kf3 Kf5 92. Kf2 Kf4 93. Ke2 Kg3 94. Kf1 Kf3 95. Ke1 f5 96. Kf1 f4 0-1

[Event "Netanya Open 2019"]
[Site "Netanya"]
[Date "2019.06.30"]
[Round "7.35"]
[White "Iliaguev, Daniel"]
[Black "Aroesti, Roee"]
[Result "0-1"]
[WhiteElo "2007"]
[BlackElo "2230"]
[PlyCount "92"]
[EventDate "2019.06.23"]
[EventType "swiss"]
[EventRounds "9"]
[EventCountry "ISR"]
[TimeControl "40/5400+30:1800+30"]

1. g3 d5 2. Nf3 c5 3. Bg2 g6 4. O-O Bg7 5. d4 cxd4 6. Nxd4 e5 7. Nb3 Ne7 8. c4 d4 9. e3 Nbc6 10. exd4 exd4 11. Na3 O-O 12. Nc5 b6 13. Nd3 Bf5 14. Bf4 Qd7 15. Re1 Rac8 16. Nb5 Rcd8 17. Bc7 Rc8 18. Bf4 Rcd8 19. Rc1 a6 20. Na3 Rc8 21. Be4 Be6 22. Qa4 Qa7 23. b4 Rfd8 24. Qd1 Bf8 25. Qf3 Bf5 26. b5 Bxe4 27. Qxe4 axb5 28. Nxb5 Qxa2 29. Bc7 Rd7 30. Bxb6 Rb7 31. Bxd4 Nf5 32. Bf6 Be7 33. Ba1 Bg5 34. f4 Re7 35. Qg2 Rxe1+ 36. Nxe1 Qxg2+ 37. Kxg2 Be7 38. Kf3 Na5 39. c5 Nb3 40. Rc3 Nxa1 41. g4 Bf6 42. Ra3 Rxc5 43. g5 Bb2 44. Ra8+ Kg7 45. Na7 Rc3+ 46. Kf2 Ra3 0-1

[Event "Netanya Open 2019"]
[Site "Netanya"]
[Date "2019.06.30"]
[Round "7.36"]
[White "Lukin, Elisha"]
[Black "Zilbershtein, Victor"]
[Result "1-0"]
[WhiteElo "2207"]
[BlackElo "1756"]
[PlyCount "117"]
[EventDate "2019.06.23"]
[EventType "swiss"]
[EventRounds "9"]
[EventCountry "ISR"]
[TimeControl "40/5400+30:1800+30"]

1. d4 f5 2. g3 Nf6 3. Bg5 e6 4. Nd2 Be7 5. Bg2 d5 6. e3 O-O 7. Bf4 c5 8. Ngf3 Nc6 9. O-O Ne4 10. h4 Qb6 11. c4 cxd4 12. cxd5 exd5 13. Nb3 Bd7 14. Nfxd4 Nxd4 15. Qxd4 Qxd4 16. Nxd4 Bf6 17. Rac1 Rac8 18. Bc7 Bxd4 19. exd4 Bc6 20. Bf4 h6 21. f3 Nf6 22. Rfe1 Rfe8 23. Bh3 Nh5 24. Bd6 Rxe1+ 25. Rxe1 Rd8 26. Bc7 Rd7 27. Re8+ Kf7 28. Rc8 g6 29. Be5 Nf6 30. Kf2 Re7 31. Bd6 Re6 32. Bf4 h5 33. Rc7+ Re7 34. Rxe7+ Kxe7 35. Ke3 Ke6 36. Be5 Nh7 37. Kf4 Bb5 38. b3 Bd3 39. Ke3 Bb1 40. Kd2 g5 41. a3 g4 42. Bg2 Nf6 43. Bxf6 Kxf6 44. fxg4 fxg4 45. Bxd5 b6 46. Ke3 Bg6 47. Kf4 Be8 48. Bc4 b5 49. Bd3 a6 50. b4 Bd7 51. Be4 Bc8 52. Bc6 Bf5 53. Bb7 Bd7 54. d5 Ke7 55. Ke5 Kd8 56. d6 Ke8 57. Kd5 Bf5 58. Kc6 Kd8 59. Bxa6 1-0

[Event "Netanya Open 2019"]
[Site "Netanya"]
[Date "2019.06.30"]
[Round "7.37"]
[White "Shetah, Roi"]
[Black "Gleizer, Mark"]
[Result "1/2-1/2"]
[WhiteElo "1836"]
[BlackElo "2180"]
[PlyCount "105"]
[EventDate "2019.06.23"]
[EventType "swiss"]
[EventRounds "9"]
[EventCountry "ISR"]
[TimeControl "40/5400+30:1800+30"]

1. e4 Nf6 2. e5 Nd5 3. d4 d6 4. c4 Nb6 5. exd6 cxd6 6. Nc3 g6 7. Be3 Bg7 8. Rc1 O-O 9. b3 e5 10. d5 Na6 11. Bd3 f5 12. f3 Nd7 13. Nge2 Nac5 14. Bb1 a5 15. O-O b6 16. a3 Ba6 17. b4 axb4 18. axb4 Bxc4 19. bxc5 bxc5 20. Bd3 Nb6 21. Bf2 Bh6 22. Rb1 Rf7 23. Rxb6 Bxd3 24. Rxd6 Qxd6 25. Qxd3 Rb7 26. Nb5 Qa6 27. Nec3 e4 28. fxe4 fxe4 29. Qxe4 Rxb5 30. Nxb5 Qxb5 31. d6 Rf8 32. Qd5+ Rf7 33. Re1 Bf8 34. Rd1 Qd7 35. Qxc5 Bg7 36. Qd5 Bf6 37. Rc1 Bd8 38. Bd4 Kf8 39. Qa8 Kg8 40. Qd5 Kf8 41. Ra1 Rf5 42. Rf1 Rxf1+ 43. Kxf1 Qf7+ 44. Qxf7+ Kxf7 45. Ke2 Ke6 46. Bc5 Bf6 47. Kf3 Be5 48. Kg4 Bf6 49. g3 Bd8 50. h4 Bf6 51. Kf4 Bd8 52. Ke4 Bf6 53. Kf4 1/2-1/2

[Event "Netanya Open 2019"]
[Site "Netanya"]
[Date "2019.06.30"]
[Round "7.38"]
[White "Neiman, Maks"]
[Black "Levi, Netanel"]
[Result "1-0"]
[WhiteElo "1954"]
[BlackElo "2138"]
[PlyCount "84"]
[EventDate "2019.06.23"]
[EventType "swiss"]
[EventRounds "9"]
[EventCountry "ISR"]
[TimeControl "40/5400+30:1800+30"]

1. d4 d6 2. Bf4 Nf6 3. e3 g6 4. Nf3 Bg7 5. h3 O-O 6. Be2 c5 7. O-O Nc6 8. d5 Nb8 9. Nc3 Nh5 10. Bh2 a6 11. a4 Qa5 12. Nd2 Nf6 13. Nc4 Qd8 14. e4 Nbd7 15. f4 Rb8 16. a5 b5 17. axb6 Nxb6 18. Na5 Qc7 19. Nc6 Ra8 20. e5 Ne8 21. Bf3 Bb7 22. Qe2 Bxc6 23. dxc6 e6 24. exd6 Nxd6 25. f5 exf5 26. Rxa6 Rae8 27. Qd3 Bd4+ 28. Kh1 Re3 29. Qd1 Nbc4 30. Nd5 Qc8 31. Bxd6 Qxa6 32. Bxf8 Kxf8 33. b3 Nd2 34. Nxe3 Bxe3 35. Re1 f4 36. Qa1 Qb6 37. Qh8+ Ke7 38. Qe5+ Kf8 39. c7 f6 40. c8=Q+ Kg7 41. Qe7+ Kh6 42. Qcf8+ Kg5 1-0

[Event "Netanya Open 2019"]
[Site "Netanya"]
[Date "2019.06.30"]
[Round "7.39"]
[White "Hoffmann, Yair"]
[Black "Feldman, Antony"]
[Result "1-0"]
[WhiteElo "2175"]
[BlackElo "1972"]
[PlyCount "53"]
[EventDate "2019.06.23"]
[EventType "swiss"]
[EventRounds "9"]
[EventCountry "ISR"]
[TimeControl "40/5400+30:1800+30"]

1. d4 d5 2. c4 dxc4 3. Nf3 a6 4. e3 Bg4 5. Bxc4 e6 6. O-O Nf6 7. b3 Nc6 8. Bb2 Bd6 9. Nbd2 O-O 10. h3 Bh5 11. Be2 Bg6 12. a3 Qe7 13. Nc4 Rad8 14. Nxd6 Rxd6 15. Qe1 Nd5 16. Nd2 Qg5 17. f4 Qd8 18. Qf2 Nf6 19. Bf3 b5 20. Rac1 Qd7 21. Rfd1 Rd8 22. g3 e5 23. fxe5 Nxe5 24. dxe5 Rxd2 25. Rxd2 Qxd2 26. Qxd2 Rxd2 27. Bc3 1-0

[Event "Netanya Open 2019"]
[Site "Netanya"]
[Date "2019.06.30"]
[Round "7.40"]
[White "Itzhaky, Shmuel"]
[Black "Tal-Shahar, Liam"]
[Result "1-0"]
[WhiteElo "2134"]
[BlackElo "1623"]
[PlyCount "37"]
[EventDate "2019.06.23"]
[EventType "swiss"]
[EventRounds "9"]
[EventCountry "ISR"]
[TimeControl "40/5400+30:1800+30"]

1. d4 d5 2. c4 e6 3. Nc3 c5 4. cxd5 exd5 5. Nf3 Nc6 6. g3 Nf6 7. Bg2 Be7 8. O-O O-O 9. b3 Re8 10. Bb2 cxd4 11. Nxd4 Bc5 12. Nxc6 bxc6 13. e4 Bg4 14. Qc2 Bb6 15. exd5 cxd5 16. Qd3 Qd7 17. Nxd5 Nxd5 18. Bxd5 Rad8 19. Qc3 1-0

[Event "Netanya Open 2019"]
[Site "Netanya"]
[Date "2019.06.30"]
[Round "7.41"]
[White "Yaniv, Yuval"]
[Black "Ehrlich, Roy"]
[Result "1-0"]
[WhiteElo "2132"]
[BlackElo "1938"]
[PlyCount "79"]
[EventDate "2019.06.23"]
[EventType "swiss"]
[EventRounds "9"]
[EventCountry "ISR"]
[TimeControl "40/5400+30:1800+30"]

1. c4 e6 2. Nc3 Bb4 3. Nf3 c5 4. Nb5 d6 5. a3 Ba5 6. b4 Bb6 7. Bb2 Nf6 8. Bxf6 gxf6 9. g3 Nc6 10. Qb1 a6 11. Nc3 f5 12. Bg2 Qf6 13. e3 Ne7 14. bxc5 Bxc5 15. d4 Ba7 16. O-O Bd7 17. Nd2 Rb8 18. Qb4 e5 19. dxe5 dxe5 20. Nd5 Nxd5 21. cxd5 Qb6 22. Qh4 Bb5 23. Rfb1 Qd6 24. Rb3 e4 25. Bxe4 Qe5 26. Rc1 fxe4 27. Nxe4 O-O 28. Nf6+ Kg7 29. Rb4 Qxf6 30. Rg4+ Qg6 31. a4 Bd7 32. Rxg6+ hxg6 33. Rc7 Rfd8 34. Qe7 Be8 35. d6 Bb6 36. Qe5+ Kg8 37. Rc4 f6 38. Qxf6 Rd7 39. Rf4 Rf7 40. Qe6 1-0

[Event "Netanya Open 2019"]
[Site "Netanya"]
[Date "2019.06.30"]
[Round "7.42"]
[White "Pravdivetz, Vladimir"]
[Black "Katkov, Michelle"]
[Result "1/2-1/2"]
[WhiteElo "1927"]
[BlackElo "2065"]
[PlyCount "171"]
[EventDate "2019.06.23"]
[EventType "swiss"]
[EventRounds "9"]
[EventCountry "ISR"]
[TimeControl "40/5400+30:1800+30"]

1. d4 Nf6 2. Nf3 e6 3. Nbd2 d5 4. e3 Bd6 5. Bd3 c5 6. b3 Nc6 7. dxc5 Bxc5 8. Bb2 O-O 9. Ne5 Nb4 10. Be2 d4 11. e4 Qc7 12. Nd3 Bd6 13. Nxb4 Bxb4 14. f3 e5 15. O-O Nh5 16. g3 Bh3 17. Rf2 Bc5 18. Bd3 Qd7 19. a4 Nf6 20. Ba3 Bxa3 21. Rxa3 Qe7 22. Ra2 Nd7 23. Qc1 Rac8 24. Qa3 Nc5 25. Bc4 Qd8 26. b4 Nd7 27. a5 b6 28. Bd3 Rc3 29. Qb2 bxa5 30. Rxa5 Qb8 31. Re2 Rfc8 32. Nb1 R3c7 33. Ba6 Rf8 34. Na3 Qb6 35. Nc4 Qf6 36. Rf2 Rb8 37. Na3 Nb6 38. Bd3 Qe7 39. Re2 Nc8 40. Rb5 Rcb7 41. Rxb7 Rxb7 42. b5 Rc7 43. Nc4 Qc5 44. Re1 Be6 45. Na3 Nb6 46. Rb1 f6 47. Qb4 Kf7 48. Qxc5 Rxc5 49. Rb2 Ke7 50. Kf2 Kd6 51. Ke2 Na4 52. Rb4 Nc3+ 53. Kd2 Kc7 54. Nb1 Nxb1+ 55. Rxb1 Kb6 56. Ra1 Bc8 57. Ra4 Rc7 58. f4 Bd7 59. fxe5 fxe5 60. Ra6+ Kc5 61. Ra5 Kb4 62. Ra6 Bxb5 63. Bxb5 Kxb5 64. Re6 Kc4 65. Rxe5 Rf7 66. Ke2 Rd7 67. Ra5 Kb4 68. Ra6 Kb5 69. Ra2 a5 70. Kd3 a4 71. e5 Kb4 72. Ke4 a3 73. e6 Rd8 74. Ke5 d3 75. cxd3 Rxd3 76. e7 Re3+ 77. Kd6 Kb3 78. Rxa3+ Kxa3 79. Kd7 Rd3+ 80. Ke6 Re3+ 81. Kf7 Rf3+ 82. Kxg7 Re3 83. Kf6 Kb4 84. Kf7 Rf3+ 85. Kg7 Re3 86. Kf7 1/2-1/2

[Event "Netanya Open 2019"]
[Site "Netanya"]
[Date "2019.06.30"]
[Round "7.43"]
[White "Vagman, Roy"]
[Black "Brenner, Moshe"]
[Result "1-0"]
[WhiteElo "1918"]
[BlackElo "2098"]
[PlyCount "115"]
[EventDate "2019.06.23"]
[EventType "swiss"]
[EventRounds "9"]
[EventCountry "ISR"]
[TimeControl "40/5400+30:1800+30"]

1. e4 c5 2. Ne2 Nc6 3. Nbc3 g6 4. d4 cxd4 5. Nxd4 Bg7 6. Nde2 Nf6 7. g3 O-O 8. Bg2 d6 9. O-O Be6 10. h3 Rc8 11. Nd5 Ne5 12. c3 Nc4 13. Nd4 Bxd5 14. exd5 Qa5 15. Re1 Rc7 16. Nb3 Qb5 17. Nd4 Qa5 18. Nb3 Qb6 19. Be3 Nxe3 20. Rxe3 Rfc8 21. Qe2 a5 22. Nd4 a4 23. a3 Bf8 24. Rd1 Rc5 25. Red3 Qa6 26. Nc2 Nd7 27. Ne3 Ne5 28. R3d2 Qb6 29. Rd4 Qa7 30. Qc2 b5 31. Kh2 Bg7 32. Rb4 Qc7 33. Qe2 Rb8 34. Re1 Kf8 35. f4 Nd7 36. Nd1 Nf6 37. Ne3 h6 38. Bf3 h5 39. g4 hxg4 40. hxg4 Rb7 41. Kg3 Ne8 42. Rh1 Rb8 43. g5 e5 44. dxe6 fxe6 45. Qd3 d5 46. Qxg6 Qf7 47. Qd3 Nd6 48. Bh5 Qe7 49. Bg6 Nc4 50. Rh5 Qd6 51. Nf5 Qd7 52. Nxg7 Qxg7 53. Rh7 Ne5 54. fxe5 Qxe5+ 55. Rf4+ Kg8 56. Bf7+ Kf8 57. Bxe6+ Ke8 58. Qg6+ 1-0

[Event "Netanya Open 2019"]
[Site "Netanya"]
[Date "2019.06.30"]
[Round "7.44"]
[White "Nissim, Jonathan"]
[Black "Leib, Daniel"]
[Result "1-0"]
[WhiteElo "2082"]
[BlackElo "1897"]
[PlyCount "69"]
[EventDate "2019.06.23"]
[EventType "swiss"]
[EventRounds "9"]
[EventCountry "ISR"]
[TimeControl "40/5400+30:1800+30"]

1. d4 d5 2. c4 e6 3. Nc3 Be7 4. Nf3 Nf6 5. cxd5 exd5 6. Bg5 Bf5 7. g3 O-O 8. Bg2 c6 9. O-O Nbd7 10. Bf4 Ne4 11. Ne1 Nxc3 12. bxc3 b5 13. Nd3 Nb6 14. f3 Be6 15. e4 f6 16. Nc5 Bxc5 17. dxc5 Nc4 18. Re1 a5 19. Bf1 Re8 20. Bxc4 dxc4 21. a3 a4 22. g4 Qe7 23. Bd6 Qf7 24. f4 Qd7 25. f5 Bf7 26. Kf2 Kh8 27. h4 g6 28. Qd4 Kg7 29. h5 Qd8 30. hxg6 hxg6 31. g5 gxf5 32. gxf6+ Kh6 33. Qe3+ Kg6 34. Rg1+ Kxf6 35. Qg5+ 1-0

[Event "Netanya Open 2019"]
[Site "Netanya"]
[Date "2019.06.30"]
[Round "7.45"]
[White "Volkov, Yuri"]
[Black "Sokolovsky, Yahli"]
[Result "1/2-1/2"]
[ECO "E62"]
[WhiteElo "1886"]
[BlackElo "2054"]
[PlyCount "127"]
[EventDate "2019.06.23"]
[EventType "swiss"]
[EventRounds "9"]
[EventCountry "ISR"]
[TimeControl "40/5400+30:1800+30"]

1. d4 Nf6 2. c4 g6 3. Nc3 Bg7 4. g3 O-O 5. Bg2 d6 6. Nf3 Nc6 7. O-O e5 8. dxe5 dxe5 9. Qxd8 Rxd8 10. Bg5 Be6 11. Rac1 h6 12. Bxf6 Bxf6 13. b3 Be7 14. e4 Rd7 15. Nd5 a5 16. Nxe7+ Rxe7 17. h3 Rd7 18. Rfd1 Rad8 19. Rxd7 Rxd7 20. Kf1 a4 21. Ke2 f6 22. Nd2 Rd4 23. f4 Nb4 24. bxa4 Nxa2 25. Rc2 Nb4 26. Rc3 Na6 27. a5 Nb4 28. Ke3 Nc6 29. fxe5 fxe5 30. Bf1 Nxa5 31. Nf3 Nxc4+ 32. Bxc4 Rxc4 33. Rxc4 Bxc4 34. Nxe5 Bf7 35. Kd4 Kf8 36. Nd3 Ke7 37. Ke5 b6 38. h4 c5 39. g4 Bc4 40. Nf4 b5 41. Nxg6+ Kf7 42. h5 b4 43. Kf4 Be2 44. Ke3 b3 45. Kd2 Kf6 46. Kc3 Bxg4 47. Kxb3 Bxh5 48. Nf4 Bf7+ 49. Kc3 Ke5 50. Nd3+ Kd6 51. Nf2 h5 52. Kd3 Ke5 53. Ke3 c4 54. Nh3 h4 55. Nf4 Kf6 56. Kf3 Be6 57. e5+ Kxe5 58. Ng6+ Kf6 59. Nxh4 Kg5 60. Kg3 c3 61. Nf3+ Kf5 62. Kf2 Ke4 63. Ng5+ Kf5 64. Nxe6 1/2-1/2

[Event "Netanya Open 2019"]
[Site "Netanya"]
[Date "2019.06.30"]
[Round "7.46"]
[White "Parnes, Nadav"]
[Black "Yusupoff, Yoav"]
[Result "1-0"]
[ECO "A04"]
[WhiteElo "2072"]
[BlackElo "1874"]
[PlyCount "45"]
[EventDate "2019.06.23"]
[EventType "swiss"]
[EventRounds "9"]
[EventCountry "ISR"]
[TimeControl "40/5400+30:1800+30"]

1. e4 c5 2. Nf3 e6 3. d3 Nc6 4. g3 g6 5. Bg2 Bg7 6. O-O Nge7 7. Re1 d6 8. c3 O-O 9. d4 cxd4 10. cxd4 d5 11. e5 Qb6 12. Nc3 a6 13. b3 Qa7 14. Na4 Nf5 15. Ba3 Ncxd4 16. Nxd4 Qxd4 17. Qxd4 Nxd4 18. Nb6 Rb8 19. Bd6 Nc6 20. Rac1 Bxe5 21. Rxe5 Nxe5 22. Bxe5 Bd7 23. Bxb8 1-0

[Event "Netanya Open 2019"]
[Site "Netanya"]
[Date "2019.06.30"]
[Round "7.47"]
[White "Noy, Eyal"]
[Black "Levin, Guy"]
[Result "1/2-1/2"]
[ECO "B90"]
[WhiteElo "1858"]
[BlackElo "2052"]
[PlyCount "121"]
[EventDate "2019.06.23"]
[EventType "swiss"]
[EventRounds "9"]
[EventCountry "ISR"]
[TimeControl "40/5400+30:1800+30"]

1. e4 c5 2. Nf3 d6 3. d4 cxd4 4. Nxd4 Nf6 5. Nc3 a6 6. h3 e5 7. Nde2 b5 8. Bg5 Be7 9. Bxf6 Bxf6 10. Nd5 O-O 11. a4 bxa4 12. Nec3 Nd7 13. Rxa4 Bb7 14. Bc4 Nc5 15. Ra3 Bxd5 16. Nxd5 Nxe4 17. Bxa6 Nc5 18. Qe2 Qb8 19. b4 Nxa6 20. Rxa6 Qb7 21. Rxa8 Rxa8 22. Nxf6+ gxf6 23. O-O Qxb4 24. Qf3 Re8 25. Qxf6 Re6 26. Qf3 Qc4 27. Qg4+ Qxg4 28. hxg4 d5 29. Rd1 d4 30. f3 Rc6 31. Rd2 f6 32. Re2 Rc5 33. Kf2 Kf7 34. Ke1 Kg6 35. Kf2 h5 36. gxh5+ Kxh5 37. Kg3 Kg5 38. Rd2 f5 39. Re2 Kf6 40. Kf2 Ke6 41. Kg3 Kd5 42. Kh4 e4 43. Kg5 e3 44. Kxf5 Rxc2 45. Rxc2 d3 46. Rc8 e2 47. Re8 d2 48. Rxe2 d1=Q 49. Re5+ Kd6 50. Re6+ Kd7 51. Rg6 Qc2+ 52. Kf6 Qb2+ 53. Kf5 Ke7 54. Rg4 Qf6+ 55. Ke4 Kd6 56. Ke3 Qb2 57. Rd4+ Ke5 58. Re4+ Kd5 59. Rg4 Qc2 60. Rd4+ Kc5 61. Rg4 1/2-1/2

[Event "Netanya Open 2019"]
[Site "Netanya"]
[Date "2019.06.30"]
[Round "7.48"]
[White "Ben Ari, Yannay"]
[Black "Zoabi, Jihad"]
[Result "1/2-1/2"]
[ECO "B80"]
[WhiteElo "2049"]
[BlackElo "1788"]
[PlyCount "79"]
[EventDate "2019.06.23"]
[EventType "swiss"]
[EventRounds "9"]
[EventCountry "ISR"]
[TimeControl "40/5400+30:1800+30"]

1. e4 c5 2. Nc3 a6 3. Nf3 e6 4. d4 cxd4 5. Nxd4 d6 6. g3 Nf6 7. Bg2 Be7 8. O-O O-O 9. a4 Bd7 10. Be3 Nc6 11. Nxc6 Bxc6 12. a5 Rc8 13. f4 d5 14. Bb6 Qe8 15. exd5 Nxd5 16. Nxd5 Bxd5 17. Bxd5 exd5 18. Qxd5 Bd8 19. Bxd8 Qe3+ 20. Kh1 Rfxd8 21. Rae1 Rxd5 22. Rxe3 Rd2 23. Rfe1 g6 24. Re8+ Rxe8 25. Rxe8+ Kg7 26. Rc8 Kf6 27. Rc7 Kf5 28. h3 Ke4 29. Kg1 h5 30. h4 f5 31. Rc3 Rd5 32. Rb3 Rxa5 33. Rxb7 Rc5 34. c3 Rb5 35. Ra7 Rxb2 36. Rxa6 Kf3 37. Rxg6 Rb1+ 38. Kh2 Rb2+ 39. Kg1 Rb1+ 40. Kh2 1/2-1/2

[Event "Netanya Open 2019"]
[Site "Netanya"]
[Date "2019.06.30"]
[Round "7.49"]
[White "Zhimalov, Adam"]
[Black "Regenbogen, Yoseph"]
[Result "1-0"]
[WhiteElo "2044"]
[BlackElo "1806"]
[PlyCount "69"]
[EventDate "2019.06.23"]
[EventType "swiss"]
[EventRounds "9"]
[EventCountry "ISR"]
[TimeControl "40/5400+30:1800+30"]

1. d4 Nf6 2. c4 c6 3. Nf3 d5 4. e3 Bg4 5. h3 Bh5 6. Nc3 e6 7. Qb3 Qc7 8. Bd2 Nbd7 9. Bd3 Bg6 10. Bxg6 hxg6 11. cxd5 exd5 12. O-O Bd6 13. Rfc1 Qb6 14. Qc2 O-O-O 15. b4 Kb8 16. Rab1 a6 17. a4 Rc8 18. Qb3 Rhe8 19. Ng5 Re7 20. b5 a5 21. Qa2 Bb4 22. bxc6 bxc6 23. Ne2 Nf8 24. Bxb4 axb4 25. a5 Ra7 26. axb6 Rxa2 27. Ng3 N6d7 28. Nxf7 Nxb6 29. Rxb4 Ka7 30. Ne5 Kb7 31. Rcb1 Ra6 32. Nd3 Nfd7 33. Nc5+ Ka7 34. Nxd7 Nxd7 35. Rb7+ 1-0

[Event "Netanya Open 2019"]
[Site "Netanya"]
[Date "2019.06.30"]
[Round "7.50"]
[White "Tartakovsky, Daniel"]
[Black "Sobel, Alon"]
[Result "1/2-1/2"]
[WhiteElo "2021"]
[BlackElo "1704"]
[PlyCount "47"]
[EventDate "2019.06.23"]
[EventType "swiss"]
[EventRounds "9"]
[EventCountry "ISR"]
[TimeControl "40/5400+30:1800+30"]

1. d4 d5 2. Nf3 Nf6 3. c4 e6 4. g3 Be7 5. Bg2 c6 6. O-O O-O 7. Qc2 Nbd7 8. b3 b6 9. Rd1 Bb7 10. Nc3 Rc8 11. e4 Bb4 12. e5 Ne8 13. Bg5 Be7 14. Bxe7 Qxe7 15. cxd5 cxd5 16. Qd2 Nc7 17. Rac1 b5 18. Bf1 b4 19. Nb5 Nxb5 20. Bxb5 a5 21. Ne1 Nb8 22. Rxc8 Rxc8 23. Rc1 Qd8 24. Nd3 1/2-1/2

[Event "Netanya Open 2019"]
[Site "Netanya"]
[Date "2019.06.30"]
[Round "7.51"]
[White "Sheinkman, Lidan"]
[Black "Gov, Guy"]
[Result "0-1"]
[WhiteElo "1863"]
[BlackElo "2006"]
[PlyCount "58"]
[EventDate "2019.06.23"]
[EventType "swiss"]
[EventRounds "9"]
[EventCountry "ISR"]
[TimeControl "40/5400+30:1800+30"]

1. d4 Nf6 2. Nf3 e6 3. Bg5 h6 4. Bh4 Be7 5. Nbd2 b6 6. e4 Bb7 7. Bd3 d6 8. c3 Nbd7 9. Qe2 Nh5 10. Bxe7 Qxe7 11. Qe3 g5 12. O-O-O Nf4 13. g3 Nxd3+ 14. Qxd3 a5 15. Rhe1 Ba6 16. Qe3 Nf6 17. e5 Nd5 18. Qe4 b5 19. Kb1 Rb8 20. Ka1 a4 21. a3 Qd7 22. exd6 Qxd6 23. Ne5 O-O 24. h4 Nxc3 25. bxc3 Qxa3+ 26. Kb1 b4 27. c4 b3 28. Ndf3 Qa2+ 29. Kc1 b2+ 0-1

[Event "Netanya Open 2019"]
[Site "Netanya"]
[Date "2019.06.30"]
[Round "7.52"]
[White "Cohen, Elad"]
[Black "Lifshits, Raz"]
[Result "0-1"]
[WhiteElo "1999"]
[BlackElo "1749"]
[PlyCount "104"]
[EventDate "2019.06.23"]
[EventType "swiss"]
[EventRounds "9"]
[EventCountry "ISR"]
[TimeControl "40/5400+30:1800+30"]

1. e4 d6 2. d4 g6 3. Nf3 Bg7 4. Bc4 Nf6 5. Qe2 c6 6. Bb3 O-O 7. O-O Qc7 8. Rd1 e5 9. dxe5 dxe5 10. Bg5 Nbd7 11. Nbd2 Nc5 12. Qe3 Nxb3 13. axb3 Ng4 14. Qc3 f6 15. Be3 Nxe3 16. Qxe3 b6 17. Nc4 Be6 18. Qc3 Rad8 19. Ne3 Kh8 20. b4 f5 21. Ng5 Bg8 22. b5 Qe7 23. Nxh7 Kxh7 24. bxc6 Rxd1+ 25. Rxd1 Qc5 26. Qxc5 bxc5 27. exf5 gxf5 28. c7 Rc8 29. Rd7 Be6 30. Re7 f4 31. Nd1 Bf5 32. Nc3 Kg6 33. h4 Bf6 34. Nd5 Bxe7 35. Nxe7+ Kf6 36. Nxc8 Bxc8 37. g3 Ke7 38. h5 Kf6 39. f3 fxg3 40. Kg2 Kg5 41. Kxg3 Kxh5 42. f4 Kg6 43. fxe5 Kf5 44. c3 a5 45. Kf3 Kxe5 46. Ke3 Kd5 47. Kd3 Bf5+ 48. Ke3 Kc4 49. b4 a4 50. Kd2 a3 51. Kc1 Kxc3 52. bxc5 a2 0-1

[Event "Netanya Open 2019"]
[Site "Netanya"]
[Date "2019.06.30"]
[Round "7.53"]
[White "Smoliar, Klim"]
[Black "Tsyn, Igor"]
[Result "0-1"]
[WhiteElo "1871"]
[BlackElo "2002"]
[PlyCount "100"]
[EventDate "2019.06.23"]
[EventType "swiss"]
[EventRounds "9"]
[EventCountry "ISR"]
[TimeControl "40/5400+30:1800+30"]

1. e4 e6 2. Nf3 d5 3. Nc3 Nf6 4. e5 Ne4 5. Ne2 Be7 6. d4 c5 7. Ng3 Nc6 8. Bd3 Ng5 9. Nxg5 Bxg5 10. Qg4 Bxc1 11. Qxg7 Bxb2 12. Qxh8+ Kd7 13. Qxd8+ Kxd8 14. Rb1 Bc3+ 15. Kf1 Bxd4 16. f4 h6 17. Ne2 Be3 18. c3 Ke7 19. h4 f6 20. Rh3 d4 21. cxd4 cxd4 22. exf6+ Kxf6 23. Rg3 Ne7 24. Be4 e5 25. fxe5+ Kxe5 26. Bf3 Nf5 27. Rg6 Nd6 28. Nxd4 Nc4 29. Rb5+ Kxd4 30. Rd5+ Kc3 31. Rd8 Bf5 32. Rxa8 Bxg6 33. Rc8 b5 34. g4 Bb1 35. a3 Kb3 36. Ke2 Bd4 37. Bd5 Kc3 38. Rc6 Bd3+ 39. Kf3 Kd2 40. Rxh6 Nxa3 41. g5 Nc4 42. Re6 b4 43. Be4 b3 44. Bxd3 Kxd3 45. Re1 Be3 46. Kg4 b2 47. Rb1 Kc2 48. Rxb2+ Kxb2 49. h5 Ne5+ 50. Kf5 Nf7 0-1

[Event "Netanya Open 2019"]
[Site "Netanya"]
[Date "2019.06.30"]
[Round "7.54"]
[White "Uritsky, Yonathan"]
[Black "Kadosh, Lior"]
[Result "1/2-1/2"]
[WhiteElo "1981"]
[BlackElo "1649"]
[PlyCount "100"]
[EventDate "2019.06.23"]
[EventType "swiss"]
[EventRounds "9"]
[EventCountry "ISR"]
[TimeControl "40/5400+30:1800+30"]

1. Nc3 Nf6 2. Nf3 d5 3. d3 Nc6 4. g3 Bg4 5. Bg2 h6 6. O-O g6 7. h3 Be6 8. e4 dxe4 9. dxe4 Bg7 10. Be3 Bc4 11. Re1 Nd7 12. Nd4 Nde5 13. Nxc6 Nxc6 14. f4 e5 15. f5 O-O 16. b3 Ba6 17. fxg6 fxg6 18. Qg4 Kh7 19. Bc5 h5 20. Qd1 Rf7 21. Nd5 Qg5 22. Kh2 h4 23. gxh4 Qxh4 24. Qg4 Qxg4 25. hxg4 Bh6 26. c4 b6 27. Bg1 Raf8 28. Rad1 Bc8 29. Bh3 Nd8 30. g5 Bxh3 31. gxh6 Bg4 32. Rd2 Ne6 33. Be3 Bf3 34. Nc3 Re8 35. Rf1 Ref8 36. Rdf2 g5 37. Kg3 g4 38. Nb1 Nf4 39. Nd2 Nd3 40. Rh2 c5 41. Rh5 Nf4 42. Rxe5 Ne2+ 43. Kh4 g3 44. Nxf3 Rxf3 45. Re7+ Kh8 46. Rxf3 Rxf3 47. Re8+ Kh7 48. Re7+ Kh8 49. Re8+ Kh7 50. Re7+ Kh8 1/2-1/2

[Event "Netanya Open 2019"]
[Site "Netanya"]
[Date "2019.06.30"]
[Round "7.55"]
[White "Kushnir, Arie"]
[Black "Kinberg, Ofer"]
[Result "1-0"]
[ECO "C55"]
[WhiteElo "1662"]
[BlackElo "1962"]
[PlyCount "81"]
[EventDate "2019.06.23"]
[EventType "swiss"]
[EventRounds "9"]
[EventCountry "ISR"]
[TimeControl "40/5400+30:1800+30"]

1. e4 e5 2. Nf3 Nc6 3. Bc4 Nf6 4. d3 Be7 5. c3 O-O 6. Nbd2 d6 7. O-O Na5 8. Bb3 Nxb3 9. axb3 Nd7 10. Nc4 f5 11. Ne3 f4 12. Nf5 g6 13. Nxe7+ Qxe7 14. d4 g5 15. dxe5 dxe5 16. Qd5+ Kh8 17. Ra5 c6 18. Qc4 b6 19. Ra1 Qf6 20. h3 Nc5 21. b4 Be6 22. Qe2 Nb3 23. Ra3 b5 24. Qc2 Nxc1 25. Rxc1 g4 26. hxg4 Bxg4 27. c4 Bxf3 28. Rxf3 Qg6 29. cxb5 Rg8 30. g3 cxb5 31. Qc3 Qh5 32. Rxf4 Rac8 33. Qxc8 Rxc8 34. Rxc8+ Kg7 35. Rc7+ Kg6 36. Rf5 Qd1+ 37. Kg2 Qe2 38. Rxe5 Qxb2 39. Re6+ Kg5 40. Rc5+ Kg4 41. Rh6 1-0